 Dungeon Crawl Stone Soup version 0.30-a0-772-g5528072125 (webtiles) character file.

Game seed: 2976608049182322059

4700 dolemite99 the Cultivator (level 10, -4/75 HPs)
             Began as a Djinni Earth Elementalist on Feb 13, 2023.
             Was a Believer of Fedhas.
             Slain by a wolf (6 damage)
             ... on level 8 of the Dungeon.
             The game lasted 00:19:44 (13408 turns).

dolemite99 the Cultivator (DjEE)                   Turns: 13408, Time: 00:19:44

Health: -4/75      AC:  7    Str:  7    XL:     10   Next: 72%
Gold:   346        EV: 14    Int: 20    God:    Fedhas [**....] SH:  0 Dex: 15

rFire   + + .      SeeInvis .    a - +0 shortbow
rCold   x . .      Faith    .    (shield currently unavailable)
rNeg    . . .      Spirit   .    J - +0 robe
rPois   ∞          Reflect  .    u - +2 helmet
rElec   .          Harm     .    (no cloak)
rCorr   +          Rampage  .    K - +1 pair of gloves
Will    +....                    (boots unavailable)
Stlth   ++                       (no amulet)
HPRegen 0.32/turn                F - ring of resist corrosion
MPRegen 0.00/turn                (no ring)

@: flying, studying Polearms
A: sickness immunity, fire resistance 2, cold vulnerability 1, float, innate
caster, HP casting, extra vitality 1
a: Renounce Religion, Wall of Briars


You were on level 8 of the Dungeon.
You worshipped Fedhas.
Fedhas was pleased with you.
You visited 1 branch of the dungeon, and saw 8 of its levels.

You collected 584 gold pieces.
You spent 238 gold pieces at shops.

Inventory:

Hand Weapons
 a - a +0 shortbow (weapon)
 b - a +4 dagger of venom
 d - a +0 rapier
 f - a +0 spear
 h - a +0 short sword
 N - the +5 trident "Killer Klown's Doom" {spect, Int+3}
   (You found it on level 8 of the Dungeon)

   Int:       It affects your intelligence (+3).
Missiles
 k - 18 poisoned darts
 n - 3 throwing nets
 p - 4 silver javelins
 s - 10 javelins
 v - 12 boomerangs
 L - 6 curare-tipped darts
Armour
 g - a +0 pair of gloves
 u - a +2 helmet (worn)
 J - a +0 robe (worn)
 K - a +1 pair of gloves (worn)
Jewellery
 F - a ring of resist corrosion (left hand)
Wands
 w - a wand of flame (18)
 z - a wand of light (8)
 M - a wand of iceblast (13)
Scrolls
 j - 2 scrolls of noise
 m - 2 scrolls of magic mapping
 r - 3 scrolls of immolation
 t - a scroll of poison
 x - a scroll of blinking
 y - a scroll of torment {unknown}
 C - 4 scrolls of teleportation
 G - a scroll of vulnerability {unknown}
 H - a scroll of fear {unknown}
 I - a scroll of fog {unknown}
Potions
 c - a potion of haste
 e - a potion of cancellation
 i - a potion of ambrosia
 l - 2 potions of lignification
 o - 2 potions of attraction {unknown}
 A - a potion of brilliance {unknown}
 B - a potion of curing
 D - a potion of might
 E - a potion of mutation {unknown}


   Skills:
 - Level 7.3 Fighting
 + Level 3.8 Short Blades
 + Level 5.3 Dodging
 - Level 1.5 Stealth
 - Level 6.9 Spellcasting
 - Level 7.6 Invocations


You had 3 spell levels left.
You knew the following spells:

 Your Spells              Type           Power      Damage    Failure   Level
a - Sandblast             Erth           68%        2d15      1%          1
b - Scorch                Fire           68%        2d8       1%          2
c - Stone Arrow           Conj/Erth      68%        3d11      1%          3
d - Petrify               Tmut/Erth      34%        N/A       5%          4
e - Apportation           Tloc           68%        N/A       1%          1
f - Lesser Beckoning      Tloc           68%        N/A       1%          2
g - Passwall              Tmut/Erth      28%        N/A       1%          2
h - Passage of Golubria   Tloc           34%        N/A       5%          4
Your spell library was empty.

Dungeon Overview and Level Annotations

Branches:
Dungeon (8/15)             Temple (0/1) D:6
   Lair: D:8-11

Altars:
Fedhas
Gozag
Makhleb
Trog
Zin

Shops:
D:1 *

Annotations:
D:3 Sigmund


Innate Abilities, Weirdness & Mutations

You are immune to sickness and miasma.
You are immune to poison.
Your flesh is very heat resistant. (rF++)
You are vulnerable to cold. (rC-)
You float through the air rather than walking.
You learn spells naturally, not from books.
Your magical power is your life essence.
You have superior vitality. (+4 MHP)


Message History

Fedhas accepts your kill.
Casting: Stone Arrow (safe; 1% risk of failure)
Confirm with . or Enter, or press ? or * to list all spells.
Aiming: Stone Arrow (safe; 1% risk of failure)
Press: ? - help, Shift-Dir - straight line, f - ice beast
Aim: an ice beast (74% to hit)
The stone arrow misses the ice beast.
The stone arrow misses the wolf.
The ice beast barely misses you.
Casting: Stone Arrow (safe; 1% risk of failure)
Confirm with . or Enter, or press ? or * to list all spells.
Aiming: Stone Arrow (safe; 1% risk of failure)
Press: ? - help, Shift-Dir - straight line, f/p - ice beast
Aim: an ice beast (74% to hit)
The stone arrow hits the ice beast!!
You kill the ice beast!
Fedhas accepts your kill.
* * * LOW HITPOINT WARNING * * *
The wolf bites you.
* * * LOW HITPOINT WARNING * * *
Casting: Stone Arrow (safe; 1% risk of failure)
Confirm with . or Enter, or press ? or * to list all spells.
Aiming: Stone Arrow (safe; 1% risk of failure)
Press: ? - help, Shift-Dir - straight line, f - wolf
Aim: a wolf (57% to hit)
The stone arrow hits the wolf!
The wolf is moderately wounded.
* * * LOW HITPOINT WARNING * * *
The wolf barely misses you. The wolf bites you!
* * * LOW HITPOINT WARNING * * *
Casting: Stone Arrow (safe; 1% risk of failure)
Confirm with . or Enter, or press ? or * to list all spells.
Flames lash the wolf.
The wolf is heavily wounded.
The wolf's fire resistance burns away.
* * * LOW HITPOINT WARNING * * *
The wolf bites you.
* * * LOW HITPOINT WARNING * * *
The wolf bites you.
You die...
Fedhas appreciates your contribution to the ecosystem.

#......#
#......#
#......#
##......#
..........#
####......#
######.#....~..
#.#....~~~
#@#..~~~≈≈
#h#....~≈≈
#†#.~~~.~h
#)#...~h~h
#.#.~.h≈≈h
#[....~~≈≈
###....~≈≈
..~~~~≈ .....≈≈


You could see a wolf (combustible).

Vanquished Creatures
  An unseen horror (D:8)
  A troll (D:8)
  Grinder (D:3)
  4 yaks (D:6)
  Duvessa (D:4)
  An orc warrior (D:6)
  2 black bears
  4 ice beasts
  An ogre (D:5)
  4 centaurs
  2 wolves (D:8)
  A phantom (D:4)
  3 kobold brigands
  2 bullfrogs (D:8)
  2 scorpions
  A necrophage (D:7)
  4 wights
  Dowan (D:4)
  2 jellies
  5 howler monkeys
  11 hounds
  3 orc priests
  2 gnoll boudas
  Jessica (D:2)
  Terence (D:3)
  4 iguanas
  2 orc wizards (D:6)
  Robin (D:2)
  9 gnolls
  3 adders
  A worm (D:2)
  A dart slug (D:4)
  27 orcs
  3 bats
  3 endoplasms
  A giant cockroach (D:3)
  15 goblins
  14 hobgoblins
  27 kobolds
  3 quokkas
  6 ball pythons
  8 frilled lizards
  A rat (D:3)
190 creatures vanquished.

Vanquished Creatures (collateral kills)
  A yak (D:6)
1 creature vanquished.

Vanquished Creatures (others)
  6 plants (D:3)
6 creatures vanquished.

Grand Total: 197 creatures vanquished

Notes
Turn   | Place    | Note
-------+----------+-------------------------------------------
     0 | D:1      | dolemite99 the Djinni Earth Elementalist began the quest
                  | for the Orb.
     0 | D:1      | dolemite99 set off with the following spells memorised:
                  | Sandblast, Passwall, Stone Arrow, Petrify.
     0 | D:1      | Reached XP level 1. HP: 15/15 MP: 0/0
   223 | D:1      | Reached skill level 1 in Fighting
   223 | D:1      | Reached XP level 2. HP: 21/22 MP: 0/0
   430 | D:1      | Found Peotar's Assorted Antiques.
   450 | D:1      | Bought a green potion for 18 gold pieces
   450 | D:1      | Bought a scroll labelled GONOMA TARU for 20 gold pieces
   450 | D:1      | Bought a scroll labelled GONOMA TARU for 20 gold pieces
  1106 | D:2      | Noticed Robin
  1247 | D:2      | Reached XP level 3. HP: 24/28 MP: 0/0
  1247 | D:2      | Learned a level 1 spell: Apportation
  1389 | D:2      | Killed Robin
  2293 | D:2      | Noticed Jessica
  2297 | D:2      | Reached XP level 4. HP: 30/34 MP: 0/0
  2304 | D:2      | Killed Jessica
  2952 | D:3      | Reached XP level 5. HP: 27/40 MP: 0/0
  2952 | D:3      | Learned a level 2 spell: Lesser Beckoning
  2973 | D:3      | Noticed Terence
  3206 | D:3      | Killed Terence
  3351 | D:3      | Found a blossoming altar of Fedhas.
  3366 | D:3      | Became a worshipper of Fedhas Madash
  3378 | D:3      | Reached XP level 6. HP: 30/46 MP: 0/0
  3603 | D:3      | Found a bloodstained altar of Trog.
  3936 | D:3      | Noticed Sigmund
  3998 | D:4      | Noticed Dowan
  3999 | D:4      | Noticed Duvessa
  4254 | D:4      | HP: 2/47 [gnoll/+0 spear[a gnoll bouda] (5)]
  4700 | D:4      | Reached XP level 7. HP: 51/52 MP: 0/0
  4700 | D:4      | Learned a level 2 spell: Scorch
  4800 | D:4      | Reached * piety under Fedhas
  5359 | D:4      | Killed Duvessa
  5360 | D:4      | Reached skill level 5 in Fighting
  5724 | D:5      | Entered Level 5 of the Dungeon
  6103 | D:5      | Reached skill level 5 in Spellcasting
  6103 | D:5      | Reached XP level 8. HP: 55/61 MP: 0/0
  7261 | D:6      | Found a burning altar of Makhleb.
  7561 | D:1      | Bought a scroll labelled WIVOMNEIPN for 20 gold pieces
  7561 | D:1      | Bought a scroll of identify for 40 gold pieces
  7561 | D:1      | Bought a potion of curing for 60 gold pieces
  7561 | D:1      | Bought a scroll of teleportation for 60 gold pieces
  8190 | D:3      | Noticed Grinder
  8193 | D:3      | Paralysed by Grinder for 5 turns
  8199 | D:3      | Paralysed by Grinder for 2 turns
  8201 | D:3      | Killed Grinder
  8474 | D:4      | Killed Dowan
  8979 | D:6      | Reached XP level 9. HP: 64/67 MP: 0/0
  8979 | D:6      | Learned a level 4 spell: Passage of Golubria
  9195 | D:6      | Reached ** piety under Fedhas
  9869 | D:6      | Reached skill level 1 in Invocations
 10636 | D:6      | Reached skill level 5 in Invocations
 11171 | D:6      | Found a staircase to the Ecumenical Temple.
 11297 | D:7      | Found an opulent altar of Gozag.
 11337 | D:7      | Reached XP level 10. HP: 74/75 MP: 0/0
 12563 | D:8      | Reached skill level 1 in Short Blades
 12568 | D:8      | Killed an unseen horror
 13264 | D:8      | Found a glowing silver altar of Zin.
 13272 | D:8      | Identified the +5 trident "Killer Klown's Doom" {spect,
                  | Int+3}
 13389 | D:8      | Reached skill level 5 in Dodging
 13407 | D:8      | HP: 2/75 [wolf (3)]
 13408 | D:8      | Slain by a wolf

Illustrated notes

Levels and vault maps discovered:
D:1:      eino_arrival_water_star, layout_basic, serial_bayou,
          serial_bayou_ford_a, serial_bayou_lake_a, serial_bayou_pond_e,
          serial_bayou_shore_b, serial_shops, nicolae_square_shop, st_stairs_12
D:2:      layout_basic, uniq_robin, uniq_jessica
D:3:      cheibrodos_thug_alley, layout_rooms, mainiacjoe_overflow_alcove_4,
          fedhas_altar_2, uniq_terence, uniq_sigmund, uniq_grinder
D:4:      layout_basic, dk_vineyard_2, uniq_duvessa
D:5:      layout_loops_corners
D:6:      layout_loops_corners, nicolae_overflow_crystal_walls,
          minmay_temple_entry_enclosed_plants, minmay_manual_maat
D:7:      layout_gridville, overflow_temple_1_default, enter_bailey_5,
          minmay_parallelograms, grunt_ministairs_15
D:8:      layout_basic, zin_scriptorium, erik_lair_island

Skill      XL: |  1  2  3  4  5  6  7  8  9 10 |
---------------+-------------------------------+-----
Fighting       | 1 2 3 4 6 7 |  7.3
Spellcasting   | 3 4 5 6 |  6.9
Invocations    | 6 7 |  7.6
Short Blades   | 3 |  3.8
Dodging        | 5 |  5.3
Stealth        | |  1.5

Action                     |  1- 3 |  4- 6 |  7- 9 | 10-12 || total
---------------------------+-------+-------+-------+-------++-------
  Melee: Short sword       |     6 |       |       |       ||     6
         Dagger            |       |     9 |     6 |     2 ||    17
   Fire: Shortbow          |       |       |     2 |    46 ||    48
  Throw: Javelin           |       |       |     3 |       ||     3
   Cast: Sandblast         |    65 |    83 |    98 |    29 ||   275
         Stone Arrow       |     1 |     5 |    23 |    14 ||    43
         Scorch            |       |       |    37 |    26 ||    63
         Passwall          |       |       |       |     1 ||     1
         Passage of Golubr |       |       |       |     1 ||     1
 Invoke: Wall of Briars    |       |       |     2 |       ||     2
    Use: Scroll            |     6 |     1 |     8 |     1 ||    16
         Potion            |       |     6 |     1 |     2 ||     9
 Armour: Robe              |     9 |    13 |    21 |    29 ||    72
         Skin              |       |     1 |       |       ||     1
  Dodge: Dodged            |    32 |    60 |    55 |    44 ||   191

Table legend: (Time is in decaauts)
 A = Elapsed time spent in this place.
 B = Non-inter-level travel time spent in this place.
 C = Inter-level travel time spent in this place.
 D = Time resting spent in this place.
 E = Time spent auto-exploring this place.
 F = Levels seen in this place.
 G = Mean time per level.
                   A        B        C        D        E       F      G
               +--------+--------+--------+--------+--------+-----+--------+
         Total |  13556 |  12976 |    580 |   5534 |   5431 |   8 | 1694.5 |
       Dungeon |  13556 |  12976 |    580 |   5534 |   5431 |   8 | 1694.5 |
               +--------+--------+--------+--------+--------+-----+--------+

Top non-repeatable levels by time:
     D:6: 2496 daAuts
     D:4: 2152 daAuts
     D:2: 2042 daAuts
     D:5: 1702 daAuts
     D:3: 1514 daAuts
     D:1: 1445 daAuts
     D:7: 1228 daAuts
     D:8: 974 daAuts
